 Dungeon Crawl Stone Soup version 0.23.2-1-ga50397a (webtiles) character file.

Game seed: 3005760161014083925

1 MalarOregon the Caller (level 1, 0/13 HPs)
             Began as a Merfolk Summoner on May 20, 2019.
             Slain by a leopard gecko (3 damage)
             ... on level 1 of the Dungeon.
             The game lasted 00:00:39 (50 turns).

MalarOregon the Caller (Merfolk Summoner)             Turns: 50, Time: 00:00:40

Health: 0/13       AC:  2    Str:  8    XL:     1   Next: 20%
Magic:  1/3        EV: 13    Int: 14    God:
Gold:   11         SH:  0    Dex: 14    Spells: 3/4 levels left

rFire    . . .     SeeInvis .   (no weapon)
rCold    . . .     Gourm    .   (no shield)
rNeg     . . .     Faith    .   a - +0 robe
rPois    .         Spirit   .   (no helmet)
rElec    .         Reflect  .   (no cloak)
rCorr    .         Harm     .   (no gloves)
MR       .....                  (no boots)
Stlth    ++........             (no amulet)
HPRegen  0.04/turn              (no ring)
MPRegen  0.08/turn              (no ring)

@: no status effects
A: change form in water, swift swim, stealthy swim
a: no special abilities


You were on level 1 of the Dungeon.
You were not hungry.

You visited 1 branch of the dungeon, and saw 1 of its levels.

You collected 11 gold pieces.

Inventory:

Armour
 a - a +0 robe (worn)
Comestibles
 e - a ration {!d}


   Skills:
 + Level 0.1 Fighting
 + Level 2.7 Dodging
 - Level 2.1 Stealth
 - Level 2.0 Spellcasting
 + Level 4.0 Summonings


You had 3 spell levels left.
You knew the following spells:

 Your Spells              Type           Power        Failure   Level  Hunger
a - Summon Small Mammal   Summ           ##..         4%          1    ##.....

Your spell library contained the following spells:

 Spells                   Type           Power        Failure   Level  Hunger
 Call Imp                 Summ           ##......     7%          2    ###....
 Call Canine Familiar     Summ           ##......     14%         3    ####...
 Summon Guardian Golem    Hex/Summ       #.......     30%         3    ####...
 Summon Ice Beast         Ice/Summ       #.......     71%         4    #####..
 Summon Lightning Spire   Summ/Air       #.......     71%         4    #####..


Dungeon Overview and Level Annotations

Branches:
Dungeon (1/15)

Altars:


Message History

You open the door.
There is an open door here.
You open the door.
There is an open door here.
You open the door.
A bat comes into view.
Found a scroll labeled RACZOAFINA.
The bat barely misses you. x2
Found a leather armour.
There is an open door here.
You barely miss the bat. The bat closely misses you.
You hit the bat. The bat closely misses you.
The bat hits you but does no damage. The bat closely misses you.
The bat barely misses you.
Found a scroll labeled RACZOAFINA.
The bat closely misses you. The bat hits you.
You closely miss the bat. The bat barely misses you.
You completely miss the bat. The bat completely misses you.
The bat closely misses your rat.
Your rat barely misses the bat.
You swap places.
The bat hits you but does no damage.
You hit the bat. The bat barely misses you.
Your rat closely misses the bat.
You barely miss the bat. The bat hits you but does no damage. The bat hits you.
Your rat closely misses the bat.
You closely miss the bat. The bat barely misses you.
Your rat closely misses the bat.
You closely miss the bat. The bat closely misses you.
You swap places.
The bat closely misses you.
You hit the bat. The bat hits you. The bat closely misses your rat.
You swap places.
A leopard gecko comes into view.
The bat hits you but does no damage.
You hit the bat.
You kill the bat!
The leopard gecko hisses angrily.
The leopard gecko barely misses you.
You barely miss the leopard gecko. The leopard gecko closely misses you.
The leopard gecko bites you.
You completely miss the leopard gecko.
Your rat disappears in a puff of smoke!
The leopard gecko bites you.
* * * LOW HITPOINT WARNING * * *
The leopard gecko hisses menacingly.
The leopard gecko closely misses you.
Unknown command.
You swap places.
Your bat hits the leopard gecko.
Your bat barely misses the leopard gecko.
Your bat closely misses the leopard gecko.
Your bat hits the leopard gecko. The leopard gecko bites you.
You die...

#..#.......#
#.#.###########.#
#.#.............#
#.#######'#######
#.......#.# .?..
#...#.#.#'#..#
#..[†........###
##.............#
+.@r..?........#
##lb##.........#
#..#####......#
#..# ......# #..#
......# ....
####### .#### #.
#


You could see a leopard gecko, a friendly quokka and a friendly bat.

Vanquished Creatures
  A bat (D:1)
1 creature vanquished.

Notes
Turn   | Place    | Note
-------+----------+-------------------------------------------
     0 | D:1      | MalarOregon the Merfolk Summoner began the quest for the
                  | Orb.
     0 | D:1      | Reached XP level 1. HP: 13/13 MP: 3/3
    50 | D:1      | Slain by a leopard gecko

Action                   || total
-------------------------++-------
Melee: Unarmed           ||    12
 Cast: Summon Small Mamm ||     3
Armor: Robe              ||     4
Dodge: Dodged            ||    16
